 Dungeon Sprint DCSS version 0.28.0-53-g5a82cb258f (webtiles) character file.

Game seed: 8494694998702149722

1211 Zeld the Thaumaturge (level 8, -17/41 HPs)
             Began as a Deep Elf Conjurer on June 6, 2022.
             Was a High Priest of Sif Muna.
             Demolished by a boulder beetle (28 damage)
             ... in the Dungeon (Sprint VII: "The Pits").
             The game lasted 00:02:15 (1222 turns).

Zeld the Thaumaturge (Deep Elf Conjurer)            Turns: 1222, Time: 00:02:15

Health: -17/41     AC:  2    Str:  4    XL:     8   Next: 22%
Magic:  6/26       EV: 15    Int: 26    God:    Sif Muna [*****.]
Gold:   0          SH:  0    Dex: 13    Spells: 8/31 levels left

rFire   . . .      SeeInvis .   a - +2 quarterstaff
rCold   . . .      Faith    .   (shield currently unavailable)
rNeg    . . .      Spirit   .   h - +0 robe
rPois   .          Reflect  .   (no helmet)
rElec   .          Harm     .   (no cloak)
rCorr   .          Rampage  .   (no gloves)
Will    .....      NoTele   +   (no boots)
Stlth   ++........              (no amulet)
HPRegen 0.13/turn               (no ring)
MPRegen 0.20/turn               (no ring)

@: lethally poisoned (-17 -> -26), slowed, very slow
A: no striking features
a: Renounce Religion, Channel Magic, Forget Spell, Divine Exegesis


You were in the Dungeon.
You worshipped Sif Muna.
Sif Muna was extremely pleased with you.
You visited 1 branch

Inventory:

Hand Weapons
 a - a +2 quarterstaff (weapon)
Armour
 h - a +0 robe (worn)
Scrolls
 g - a scroll of blinking
 j - 5 scrolls of amnesia
Potions
 b - 5 potions of curing
 c - 5 potions of heal wounds
 d - a potion of haste
 e - 4 potions of magic
 f - 3 potions of berserk rage
 i - 2 potions of invisibility


   Skills:
 - Level 8.0 Dodging
 - Level 2.4 Stealth
 + Level 12.3 Spellcasting
 + Level 10.7 Conjurations
 - Level 2.0 Hexes
 - Level 2.0 Translocations
 - Level 12.0 Invocations


You had 8 spell levels left.
You knew the following spells:

 Your Spells              Type           Power      Damage    Failure   Level
a - Magic Dart            Conj           100%       1d8       1%          1
b - Searing Ray           Conj           100%       2d8       1%          2
c - Fulminant Prism       Conj/Hex       24%        3d13      2%          4
d - Iskenderun's Mystic   Conj/Tloc      49%        2d11      2%          4
x - Irradiate             Conj/Tmut      21%        3d20      11%         5
z - Orb of Destruction    Conj           32%        9d10      36%         7

Your spell library contained the following spells:

 Spells                   Type           Power      Damage    Failure   Level
 Static Discharge         Conj/Air       43%        N/A       1%          2
 Dazzling Flash           Conj/Hex       98%        N/A       1%          3
 Stone Arrow              Conj/Erth      86%        3d12      1%          3
 Hailstorm                Conj/Ice       43%        3d10      4%          4
 Conjure Ball Lightning   Conj/Air       21%        3x3d6     52%         6


Dungeon Overview and Level Annotations

Branches:
Dungeon (1/1)

Altars:
Ashenzari
Cheibriados
Dithmenos
Elyvilon
Fedhas
Gozag
Hepliaklqana
Kikubaaqudgha
Makhleb
Nemelex Xobeh
Okawaru
Qazlal
Ru
Sif Muna
Trog
Uskayaw
Vehumet
Wu Jian
Xom
Yredelemnul
Zin
The Shining One
Beogh
Jiyva
Lugonu


Message History

The mystic blast hits the dream sheep.
The dream sheep is heavily wounded.
The dream sheep is knocked back by the mystic blast.
The dream sheep ruffle their wool and motes of dream dust sparkle, to no effect.
Training target 12.0 for Invocations reached!
Your Spellcasting skill gained 2 levels and is now at level 11!
Your Conjurations skill gained 2 levels and is now at level 10!
Your Invocations skill gained 2 levels and is now at level 12!
You have reached level 8!
You feel clever.
Unknown command.
Casting: Iskenderun's Mystic Blast (dangerous; 3% risk of failure)
Confirm with . or Enter, or press ? or * to list all spells.
You erupt in a blast of force!
The mystic blast hits the boulder beetle but does no damage.
The mystic blast hits the dream sheep!
You kill the dream sheep!
Sif Muna accepts your kill.
The kobold brigand throws a curare-tipped dart.
The curare-tipped dart hits you.
You are poisoned.
You have difficulty breathing.
You feel as though you will be slow longer.
Your Spellcasting skill increases to level 12!
Unknown command.
Casting: Iskenderun's Mystic Blast (dangerous; 2% risk of failure)
Confirm with . or Enter, or press ? or * to list all spells.
You erupt in a blast of force!
The mystic blast hits the kobold brigand!!
You kill the kobold brigand!
Sif Muna accepts your kill.
The mystic blast hits the dream sheep!
You kill the dream sheep!
Sif Muna accepts your kill.
The mystic blast hits the boulder beetle but does no damage.
* * * LOW HITPOINT WARNING * * *
You feel very sick. The boulder beetle bites you!!
Ouch! That really hurt!
You die...

#.####)##'###...<...#
#.#.....†..##.......#
#.#........##.......#
#'###########.......#
#†).....# #########
#.###...# ###
#.#.....# ...#
#.#...#.#+#†...#
#.....#.#@B)...+
#...###.#'#....#
#......('†# ...#
########### ###


You could see a boulder beetle.

Vanquished Creatures
  A merfolk (D)
  5 dream sheep (D)
  A kobold brigand (D)
  A quasit (D)
  An adder (D)
  2 gnolls (D)
  An ufetubus (D)
  An orc (D)
  A hobgoblin (D)
  A jackal (D)
  3 quokkas (D)
  A frilled lizard (D)
19 creatures vanquished.

Vanquished Creatures (collateral kills)
  An ice beast (D)
  A centaur (D)
  A jelly (D)
  5 jackals (D)
8 creatures vanquished.

Grand Total: 27 creatures vanquished

Notes
Turn   | Place    | Note
-------+----------+-------------------------------------------
     0 | D        | Zeld the Deep Elf Conjurer began the quest for the Orb.
     0 | D        | Reached XP level 1. HP: 10/10 MP: 6/6
    13 | D        | Found a bloodstained altar of Trog.
    13 | D        | Found a shimmering blue altar of Sif Muna.
    13 | D        | Found a viscous altar of Jiyva.
    13 | D        | Found a hazy altar of Hepliaklqana.
    13 | D        | Found an opulent altar of Gozag.
    14 | D        | Found a glowing golden altar of the Shining One.
    14 | D        | Found a glowing silver altar of Zin.
    14 | D        | Found a basalt altar of Yredelemnul.
    14 | D        | Found a shimmering altar of Xom.
    14 | D        | Found an ornate altar of the Wu Jian Council.
    14 | D        | Found a sacrificial altar of Ru.
    14 | D        | Found a stormy altar of Qazlal.
    14 | D        | Found an iron altar of Okawaru.
    14 | D        | Found a sparkling altar of Nemelex Xobeh.
    14 | D        | Found a burning altar of Makhleb.
    14 | D        | Found a blossoming altar of Fedhas.
    14 | D        | Found a white marble altar of Elyvilon.
    14 | D        | Found a shadowy altar of Dithmenos.
    14 | D        | Found a snail-covered altar of Cheibriados.
    15 | D        | Found a radiant altar of Vehumet.
    15 | D        | Found a corrupted altar of Lugonu.
    16 | D        | Found an ancient bone altar of Kikubaaqudgha.
    16 | D        | Found a hide-covered altar of Uskayaw.
    16 | D        | Found a broken altar of Ashenzari.
    17 | D        | Became a worshipper of Sif Muna the Loreminder
    28 | D        | Reached skill level 1 in Hexes
    28 | D        | Reached skill level 1 in Translocations
   158 | D        | Reached skill level 1 in Invocations
   160 | D        | Reached * piety under Sif Muna
   161 | D        | Reached XP level 2. HP: 7/15 MP: 1/8
   164 | D        | Learned a level 2 spell: Searing Ray
   499 | D        | Reached ** piety under Sif Muna
   500 | D        | Reached skill level 5 in Conjurations
   506 | D        | Reached XP level 3. HP: 19/19 MP: 0/11
   726 | D        | Noticed a centaur
   732 | D        | Killed a centaur
   732 | D        | Reached *** piety under Sif Muna
   733 | D        | Reached skill level 5 in Dodging
   733 | D        | Reached XP level 4. HP: 12/24 MP: 10/14
   735 | D        | Reached XP level 5. HP: 15/28 MP: 9/16
   736 | D        | Noticed an ice beast
   743 | D        | Reached **** piety under Sif Muna
   750 | D        | Killed an ice beast
   756 | D        | Learned a level 4 spell: Fulminant Prism
   761 | D        | Learned a level 4 spell: Iskenderun's Mystic Blast
   925 | D        | Reached ***** piety under Sif Muna
   926 | D        | Reached XP level 6. HP: 32/32 MP: 5/18
  1077 | D        | Noticed a merfolk
  1087 | D        | Killed a merfolk
  1087 | D        | Received a gift from Sif Muna
  1088 | D        | Reached skill level 10 in Invocations
  1088 | D        | Reached XP level 7. HP: 8/36 MP: 11/21
  1090 | D        | Got Sif Muna's Tome of Optimism {god gift}
  1100 | D        | Learned a level 5 spell: Irradiate
  1108 | D        | Learned a level 7 spell: Orb of Destruction
  1214 | D        | Noticed a dream sheep
  1214 | D        | Noticed a dream sheep
  1214 | D        | Noticed a dream sheep
  1214 | D        | Noticed a dream sheep
  1214 | D        | Noticed a dream sheep
  1214 | D        | Noticed a boulder beetle
  1220 | D        | Killed a dream sheep
  1220 | D        | Killed a dream sheep
  1220 | D        | Killed a dream sheep
  1221 | D        | Reached skill level 10 in Conjurations
  1221 | D        | Reached XP level 8. HP: 22/41 MP: 13/25
  1221 | D        | Killed a dream sheep
  1222 | D        | Killed a dream sheep
  1222 | D        | Demolished by a boulder beetle

Illustrated notes

Levels and vault maps discovered:
D:        pitsprint [storerooms_1, entrance_room_1, metal_vault_7, armoury_2,
          mini_pit_1, grid_room_1, main_hall_1, silver_pit, the_coven_1,
          the_vestibule_1, steel_vault_1, golden_pit, hallway_of_sentries,
          crystal_vault_4, iron_vault_4, final_vault]

Skill      XL: |  1  2  3  4  5  6  7  8 |
---------------+-------------------------+-----
Hexes          | 2 |  2.0
Translocations | 2 |  2.0
Invocations    | 1 3 6 8 10 12 | 12.0
Dodging        | 3 5 6 8 |  8.0
Spellcasting   | 4 6 7 9 11 12 | 12.3
Conjurations   | 5 6 7 8 10 | 10.7
Stealth        | |  2.4

Action                   |  1- 3 |  4- 6 |  7- 9 || total
-------------------------+-------+-------+-------++-------
Melee: Unarmed           |     2 |       |       ||     2
       Quarterstaff      |       |     1 |       ||     1
 Cast: Magic Dart        |    12 |       |       ||    12
       Searing Ray       |     3 |       |       ||     3
       Iskenderun's Myst |       |    10 |     4 ||    14
Invok: Channel Magic     |       |     1 |       ||     1
  Use: Scroll            |     1 |       |       ||     1
       Potion            |       |       |     2 ||     2
Armor: Robe              |     1 |     1 |     1 ||     3
Dodge: Dodged            |    14 |     5 |     2 ||    21
